 Dungeon Crawl Stone Soup version 0.26.0-15-gc6cd9f700b (webtiles) character file.

Game seed: 14961343261519927309

63 Acheron the Grave Robber (level 3, -1/32 HPs)
             Began as a Troll Necromancer on Jan 16, 2021.
             Slain by an ogre
             ... wielding a +0 giant club
              (28 damage)
             ... on level 2 of the Dungeon.
             The game lasted 00:04:15 (1539 turns).

Acheron the Grave Robber (Troll Necromancer)        Turns: 1539, Time: 00:04:15

Health: -1/32      AC:  6    Str: 16    XL:     3   Next: 89%
Magic:  4/4        EV: 10    Int: 11    God:
Gold:   54         SH:  0    Dex: 11    Spells: 2/4 levels left

rFire    . . .     SeeInvis .     - Unarmed
rCold    . . .     Faith    .   (no shield)
rNeg     . . .     Spirit   .   a - +0 robe
rPois    .         Reflect  .   (helmet restricted)
rElec    .         Harm     .   (no cloak)
rCorr    .         Rampage  .   (gloves unavailable)
Will     .....                  (boots unavailable)
Stlth    +.........             (no amulet)
HPRegen  0.50/turn              (no ring)
MPRegen  0.09/turn              (no ring)

@: no status effects
A: large, unfitting armour, claws 3, regeneration 1, shaggy fur 1, tough skin 3
a: no special abilities


You were on level 2 of the Dungeon.
You visited 1 branch of the dungeon, and saw 2 of its levels.

You collected 54 gold pieces.

Inventory:

Missiles
 i - 2 boomerangs (quivered)
 k - 23 stones
 l - 12 poisoned darts
Armour
 a - a +0 robe (worn)
Jewellery
 g - an uncursed ring of wizardry {unknown}
Scrolls
 b - 2 scrolls of teleportation {unknown}
 f - 2 scrolls of identify {unknown}
 h - 2 scrolls of immolation {unknown}
 j - 2 scrolls of blinking {unknown}
 m - 2 scrolls of enchant weapon {unknown}
Potions
 c - 2 potions of magic {unknown}
 d - 2 potions of degeneration {unknown}
 e - 2 potions of heal wounds {unknown}
 n - a potion of flight {unknown}


   Skills:
 * Level 0.5 Fighting
 * Level 0.3 Throwing
 * Level 2.1 Dodging
 * Level 1.1 Stealth
 * Level 1.3 Unarmed Combat
 * Level 1.4 Spellcasting
 * Level 3.6 Necromancy


You had 2 spell levels left.
You knew the following spells:

 Your Spells              Type           Power        Failure   Level
a - Pain                  Necr           32%          7%          1
b - Animate Skeleton      Necr           16%          7%          1

Your spell library contained the following spells:

 Spells                   Type           Power        Failure   Level
 Vampiric Draining        Necr           4%           21%         3
 Animate Dead             Necr           4%           56%         4
 Agony                    Necr           8%           88%         5


Dungeon Overview and Level Annotations

Branches:
Dungeon (2/15)

Altars:
Okawaru


Innate Abilities, Weirdness & Mutations

You are too large for most types of armour.
You have claws for hands.
Your natural rate of healing is unusually fast.
You are covered in fur. (AC +1)
You have extremely tough skin. (AC +3)


Message History

An ogre is nearby!
Found 10 gold pieces.
Found an iron altar of Okawaru.
Throw: 2 boomerangs
Press: ? - help, Q - select action, (/) - cycle Shift-Dir - straight line, f - ogre
Aim: an ogre, wielding a +0 giant club You throw a boomerang.
The boomerang hits the ogre but does no damage.
You claw the ogre!
The ogre is moderately wounded.
The ogre hits you with a +0 giant club.
You scratch the ogre.
The ogre is moderately wounded.
You barely miss the ogre.
The ogre is moderately wounded.
The ogre completely misses you.
You claw the ogre!
The ogre is severely wounded.
The ogre hits you with a +0 giant club!!
Ouch! That really hurt!
You die...

.....##.....#................#...
.....###...########...######.....
..........## #...# ###..#
###..)###.# #...# ##...
###...###.# #...# #....
#.......#.# #...# #....
........#.# #######...# #....
#.......#.# #.........## ##...
###.......# #.#.@O.....# ###.
#..)##### #...#.###..# #. #####
#.......... ..... #.
#.###.........### #. .
..........# ## #.#.#......#
#$._..##.### ..#. ## .#


You could see an ogre.

Vanquished Creatures
  2 adders (D:2)
  An adder zombie (D:1)
  2 worms (D:2)
  A dart slug (D:1)
  A leopard gecko (D:1)
  2 bats (D:1)
  A bat zombie (D:1)
  5 hobgoblins (D:2)
  A frilled lizard (D:1)
  6 goblins
  7 kobolds
  4 rats
33 creatures vanquished.

Notes
Turn   | Place    | Note
-------+----------+-------------------------------------------
     0 | D:1      | Acheron the Troll Necromancer began the quest for the Orb.
     0 | D:1      | Reached XP level 1. HP: 16/16 MP: 1/1
    20 | D:1      | Learned a level 1 spell: Animate Skeleton
   220 | D:1      | Reached XP level 2. HP: 24/24 MP: 2/2
  1139 | D:2      | Reached XP level 3. HP: 24/32 MP: 4/4
  1243 | D:2      | Reached skill level 1 in Unarmed Combat
  1468 | D:2      | Noticed an ogre
  1532 | D:2      | Found an iron altar of Okawaru.
  1539 | D:2      | Slain by an ogre

Illustrated notes

Levels and vault maps discovered:
D:1:      saegor_arrival_fortress, layout_loops_corners
D:2:      layout_loops_cross, lemuel_crystal_altar, grunt_ministairs_8

Skill      XL: |  1  2  3 |
---------------+----------+-----
Dodging        | 2 |  2.1
Unarmed Combat | 1 |  1.3
Fighting       | |  0.5
Throwing       | |  0.3
Stealth        | |  1.1
Spellcasting   | |  1.4
Necromancy     | |  3.6

Action                   || total
-------------------------++-------
Melee: Unarmed           ||   123
       Punch             ||     1
Throw: Boomerang         ||     1
 Cast: Animate Skeleton  ||     4
Armor: Robe              ||    59
Dodge: Dodged            ||    67
